 Dungeon Crawl Stone Soup version 0.25-a0-388-g41a7e554cb (webtiles) character file.

Game seed: 10585308090515152117, levelgen mode: deterministic

94799 Borgoz the Bludgeoner (level 16, -6/106 HPs)
             Began as a Gargoyle Gladiator on Jan 7, 2020.
             Was the Champion of Okawaru.
             Mangled by a two-headed ogre
             ... wielding a +0 giant club
              (12 damage)
             ... on level 1 of the Orcish Mines.
             The game lasted 00:36:18 (22799 turns).

Borgoz the Bludgeoner (Gargoyle Gladiator)         Turns: 22799, Time: 00:36:19

Health: -6/106     AC: 34    Str: 31    XL:     16   Next: 12%
Magic:  6/6        EV: 19    Int: 13    God:    Okawaru [******]
Gold:   1705       SH:  0    Dex: 18    Spells: 15/15 levels left

rFire    + . .     SeeInvis +   a - +9 great mace of Righteous Fury {antimagic, +Rage SInv}
rCold    + + .     Gourm    +   (shield currently unavailable)
rNeg     + . .     Faith    .   D - +4 scale mail of the Orcish Mines {rC+ Dex+6}
rPois    ∞         Spirit   .   J - +2 helmet {Int+3}
rElec    +         Reflect  .   F - scarf {rC+ rF+}
rCorr    +         Harm     .   x - +0 pair of gloves
MR       ++...                  K - +2 pair of boots {run}
Stlth    ..........             H - amulet "Omyniop" {Gourm Str+8}
HPRegen  0.27/turn              i - ring of resist corrosion
MPRegen  0.10/turn              E - ring of protection from magic

@: flying, quick
A: big wings, negative energy resistance 1, electricity resistance, unbreathing,
petrification resistance, rot immunity, AC +12
a: Stop Flying, Heroism, Finesse, Renounce Religion, Evoke Berserk Rage


You were on level 1 of the Orcish Mines.
You worshipped Okawaru.
Okawaru was exalted by your worship.
You were completely stuffed.

You visited 4 branches of the dungeon, and saw 24 of its levels.
You also visited: Volcano.

You collected 2021 gold pieces.
You spent 316 gold pieces at shops.

Inventory:

Hand Weapons
 a - the +9 great mace of Righteous Fury (weapon) {antimagic, +Rage SInv}
   (Okawaru gifted it to you on level 1 of the Orcish Mines)

   It reduces the magical energy of the wielder, and disrupts the spells and
   magical abilities of those hit.
   Natural abilities and divine invocations are not affected.
   It lets you see invisible.
   It lets you go berserk.
 b - a +5 great mace of crushing
Armour
 x - a +0 pair of gloves (worn)
 D - the +4 scale mail of the Orcish Mines (worn) {rC+ Dex+6}
   (You found it on level 4 of the Lair of Beasts)

   It affects your dexterity (+6).
   It protects you from cold.
 F - a scarf of resistance (worn)
 J - a +2 helmet of intelligence (worn)
 K - a +2 pair of boots of running (worn)
Jewellery
 i - a ring of resist corrosion (left hand)
 k - an uncursed ring of ice
 u - an uncursed ring of see invisible
 E - a ring of protection from magic (right hand)
 H - the amulet "Omyniop" (around neck) {Gourm Str+8}
   (You found it on level 13 of the Dungeon)

   [amulet of the gourmand]

   It allows you to eat raw meat even when not hungry.
   It affects your strength (+8).
Wands
 h - a wand of digging (12)
 m - a wand of acid (18)
 z - a wand of iceblast (16)
Scrolls
 e - 3 scrolls of enchant weapon {unknown}
 g - 3 scrolls of noise {unknown}
 j - 17 scrolls of remove curse
 l - 2 scrolls of magic mapping
 p - 4 scrolls of blinking
 q - a scroll of brand weapon
 t - 6 scrolls of teleportation
 v - 5 scrolls of fear {unknown}
 y - 3 scrolls of torment {unknown}
 G - 4 scrolls of fog
 M - a scroll of acquirement {unknown}
Potions
 c - 4 potions of berserk rage
 n - 2 potions of haste
 r - a potion of cancellation
 s - 3 potions of curing
 C - 3 potions of resistance
 L - 2 potions of agility
Comestibles
 d - 4 chunks of flesh
 f - 48 rations


   Skills:
 + Level 14.0 Fighting
 * Level 16.5 Maces & Flails
 - Level 1.7 Throwing
 + Level 13.8 Armour
 + Level 11.3 Dodging
 + Level 4.4 Invocations


You had 15 spell levels left.
You didn't know any spells.
Your spell library contained the following spells:

 Spells                   Type           Power        Failure   Level  Hunger
 Animate Skeleton         Necr           N/A          45%         1    ##.....
 Apportation              Tloc           #.....       45%         1    ##.....
 Confusing Touch          Hex            #.....       45%         1    ##.....
 Magic Dart               Conj           #...         45%         1    ##.....
 Shock                    Conj/Air       #...         45%         1    ##.....
 Summon Small Mammal      Summ           #...         45%         1    ##.....
 Blink                    Tloc           N/A          61%         2    ###....
 Call Imp                 Summ           #.......     61%         2    ###....
 Slow                     Hex            #.......     61%         2    ###....
 Swiftness                Chrm/Air       #.......     61%         2    ###....
 Conjure Flame            Conj/Fire      #.......     83%         3    ####...
 Mephitic Cloud           Conj/Pois/Air  #.......     83%         3    ####...
 Recall                   Summ/Tloc      N/A          83%         3    ####...
 Static Discharge         Conj/Air       #.......     83%         3    ####...
 Airstrike                Air            #.........   99%         4    #####..
 Animate Dead             Necr           N/A          99%         4    #####..
 Borgnjor's Vile Clutch   Necr/Erth      #.........   100%        5    ######.
 Lightning Bolt           Conj/Air       #.........   100%        5    ######.
 Death Channel            Necr           #.........   100%        6    #######
 Simulacrum               Ice/Necr       #.........   100%        6    #######


Dungeon Overview and Level Annotations

Branches:
Dungeon (15/15)            Temple (1/1) D:7            Lair (6/6) D:10
  Swamp (0/4) Lair:4        Snake (0/4) Lair:4        Slime (0/5) Lair:6
    Orc (2/2) D:10         Vaults (0/5) D:13         Depths (0/5) D:15
Volcano (visited)
    Elf: Orc:2

Altars:
Ashenzari
Cheibriados
Dithmenos
Elyvilon
Fedhas
Gozag
Hepliaklqana
Kikubaaqudgha
Makhleb
Nemelex Xobeh
Okawaru
Qazlal
Ru
Sif Muna
Trog
Uskayaw
Vehumet
Wu Jian
Xom
Yredelemnul
Zin
The Shining One
Beogh
Jiyva

Shops:
D:8 [[(?   D:10 [   Orc:2 *?((

Annotations:
D:14 Ennomp's ghost, journeyman MiGl


Innate Abilities, Weirdness & Mutations

You are resistant to torment.
Your stone body is resilient. (AC +12)
You are immune to poison.
Your large and strong wings let you fly indefinitely.
You resist negative energy. (rN+)
You are resistant to electric shocks. (rElec)
You can survive without breathing.
You are immune to petrification.
You are immune to rotting.


Message History

The ogre misses you. The ogre hits you with a +0 giant club!
* * * LOW HITPOINT WARNING * * *
The ogre misses you.
The two-headed ogre barely misses you. x2
The two-headed ogre closely misses you.
The two-headed ogre hits you but does no damage.
You hammer the two-headed ogre like a gong!!!
You kill the two-headed ogre!
Okawaru accepts your kill. The ogre hits you but does no damage.
The ogre closely misses you.
You hammer the two-headed ogre like a gong!!!
The two-headed ogre is severely wounded.
The ogre barely misses you.
The two-headed ogre hits you but does no damage.
The two-headed ogre misses you. The ogre closely misses you.
You barely miss the two-headed ogre.
The two-headed ogre is severely wounded.
The ogre closely misses you. The ogre hits you with a +0 giant club!
* * * LOW HITPOINT WARNING * * *
The two-headed ogre hits you with a +0 giant club!
You die...

###.#....#...............#....#..
##...#....#.##...................
.#....#....#.#............#......
..#..............#.............#.
.###.....#...#..#................
.##...........#..#.<.............
.................(...............
..#.#..........))O...............
.##............)@O.(.............
...)..)...#....O[O...#........#..
.##).....###.........#...........
....##.### ##..#....(........#...
.....### ####......#....###...
....##.## ##.......#...###....
....#...# #....#...^..#####...
........# ##...........##.##..
.......## #........#..........


You could see a two-headed ogre and 3 ogres.

Vanquished Creatures
  A stone giant (Orc:1)
  A minotaur (D:14)
  A red draconian (Volcano)
  A yaktaur captain (D:15)
  Harold (D:8)
  An ice dragon (D:13)
  6 hydras
  Erica (D:9)
  15 two-headed ogres
  3 centaur warriors
  A catoblepas (Lair:6)
  4 ogre magi
  A deep troll shaman (Lair:6)
  14 death yaks
  2 unseen horrors
  Pikel (D:6)
  A deep troll (D:15)
  A harpy (D:14)
  A phantasmal warrior (D:13)
  A lindwurm (Lair:6)
  2 orc knights (D:15)
  9 ugly things
  An orc sorcerer (Orc:1)
  4 cyclopes
  9 slime creatures
  Joseph (D:9)
  14 elephants
  A black mamba (Lair:4)
  Psyche (D:9)
  A torpor snail (Lair:6)
  6 spiny frogs
  2 rime drakes (Lair:6)
  6 komodo dragons
  8 yaktaurs
  4 kobold demonologists
  A queen bee (Lair:4)
  2 tengu conjurers (D:15)
  2 trolls
  A jumping spider (shapeshifter) (D:14)
  A hornet (D:11)
  A meliai (shapeshifter) (D:13)
  9 meliai
  Grinder (D:4)
  A tyrant leech (Lair:4)
  3 polar bears
  12 blink frogs
  Prince Ribbit (D:6)
  14 hippogriffs
  2 dream sheep (Lair:6)
  3 wraiths
  4 wyverns
  A centaur simulacrum (D:10)
  61 yaks
  5 basilisks
  A human (shapeshifter) (D:13)
  A hungry ghost (D:10)
  A steam dragon (D:14)
  3 vampire mosquitoes (D:12)
  Menkaure (D:5)
  4 nagas (Lair:4)
  A swamp worm (Lair:4)
  2 two-headed ogre zombies (D:10)
  2 hell hounds (Lair:1)
  3 acid dragons
  15 water moccasins
  2 porcupines
  Duvessa (D:5)
  An eye of draining (D:12)
  4 sky beasts
  9 ice beasts
  2 phantoms
  4 slaves (D:6)
  14 orc warriors
  5 wolves (Lair:6)
  An eye of draining (shapeshifter) (D:13)
  11 ogres
  3 black bears
  7 centaurs
  12 crocodiles
  6 big kobolds
  15 bullfrogs
  A wyvern zombie (D:11)
  Dowan (D:5)
  5 scorpions
  29 killer bees
  2 troll zombies (D:10)
  2 wights (D:15)
  4 howler monkeys
  6 crimson imps
  3 centaur zombies
  2 jellies
  A quasit (D:9)
  11 orc priests
  A bullfrog zombie (D:10)
  7 hounds
  2 bullfrog skeletons
  18 orc wizards
  2 centaur skeletons
  Jessica (D:3)
  A gnoll shaman (D:5)
  An iguana (D:11)
  9 worker ants
  A killer bee zombie (D:5)
  4 ogre zombies (D:10)
  A bullfrog simulacrum (D:10)
  2 hound skeletons
  Robin (D:3)
  8 gnolls
  17 adders
  4 shadow imps
  2 white imps (D:10)
  3 ufetubi (D:10)
  An ooze (D:4)
  An adder skeleton (D:6)
  7 worms
  5 dart slugs
  8 leopard geckos
  72 orcs
  8 bats
  8 giant cockroaches
  19 goblins
  16 hobgoblins
  24 jackals
  19 kobolds
  2 quokkas
  3 ball pythons
  2 frilled lizards
  2 goblin skeletons (D:10)
  3 goblin zombies (D:10)
  2 hobgoblin skeletons (D:10)
  3 hobgoblin zombies (D:10)
  An orc skeleton (D:10)
  14 orc zombies (D:10)
  8 rats
  A bush (Lair:4)
764 creatures vanquished.

Vanquished Creatures (others)
  3 fungi
  5 plants
8 creatures vanquished.

Grand Total: 772 creatures vanquished

Notes
Turn   | Place    | Note
-------+----------+-------------------------------------------
     0 | D:1      | Borgoz the Gargoyle Gladiator began the quest for the Orb.
     0 | D:1      | Reached XP level 1. HP: 12/12 MP: 1/1
   202 | D:1      | Reached XP level 2. HP: 11/18 MP: 2/2
   491 | D:1      | Reached skill level 1 in Armour
   638 | D:1      | Reached XP level 3. HP: 22/22 MP: 3/3
  1377 | D:2      | Reached XP level 4. HP: 27/28 MP: 4/4
  1782 | D:2      | Found a faded altar of an unknown god.
  2173 | D:3      | Noticed Jessica
  2177 | D:3      | Killed Jessica
  2177 | D:3      | Reached XP level 5. HP: 32/32 MP: 5/5
  2288 | D:3      | Found a snail-covered altar of Cheibriados.
  2422 | D:3      | Reached skill level 4 in Maces & Flails
  2470 | D:3      | Noticed Robin
  2493 | D:3      | Killed Robin
  2652 | D:3      | Reached XP level 6. HP: 38/38 MP: 6/6
  2776 | D:4      | Noticed Grinder
  2795 | D:4      | Paralysed by Grinder for 4 turns
  2802 | D:4      | Killed Grinder
  2802 | D:4      | Reached XP level 7. HP: 23/44 MP: 7/7
  2942 | D:4      | Found a burning altar of Makhleb.
  2942 | D:4      | Noticed a cacodemon
  3031 | D:4      | Reached skill level 5 in Maces & Flails
  3340 | D:4      | Reached skill level 5 in Fighting
  3400 | D:4      | Noticed a neqoxec
  3400 | D:4      | Noticed a hellwing
  3499 | D:5      | Entered Level 5 of the Dungeon
  3572 | D:5      | Noticed Menkaure
  3588 | D:5      | Reached XP level 8. HP: 48/49 MP: 8/8
  3607 | D:5      | Killed Menkaure
  4026 | D:5      | Reached skill level 5 in Armour
  4124 | D:5      | Noticed Duvessa
  4125 | D:5      | Noticed Dowan
  4131 | D:5      | Killed Duvessa
  4153 | D:5      | Killed Dowan
  4448 | D:6      | Reached skill level 6 in Maces & Flails
  4448 | D:6      | Reached skill level 5 in Dodging
  4682 | D:6      | Noticed Prince Ribbit
  4702 | D:6      | Killed Prince Ribbit
  4702 | D:6      | Reached XP level 9. HP: 41/56 MP: 9/9
  5024 | D:6      | Found a white marble altar of Elyvilon.
  5104 | D:6      | Noticed Pikel
  5170 | D:6      | Killed Pikel
  5170 | D:6      | Reached skill level 7 in Maces & Flails
  5603 | D:7      | Found a staircase to the Ecumenical Temple.
  5747 | Temple   | Entered the Ecumenical Temple
  5767 | Temple   | Became a worshipper of Warmaster Okawaru
  5982 | D:7      | Reached XP level 10. HP: 56/64 MP: 10/10
  6125 | D:8      | Found a shimmering altar of Xom.
  6236 | D:8      | Found a shimmering blue altar of Sif Muna.
  6236 | D:8      | Found a basalt altar of Yredelemnul.
  6347 | D:8      | Found Esuig's Magic Scroll Boutique.
  6348 | D:8      | Noticed Harold
  6365 | D:8      | Killed Harold
  6365 | D:8      | Reached * piety under Okawaru
  6365 | D:8      | Reached ** piety under Okawaru
  6365 | D:8      | Reached skill level 8 in Maces & Flails
  6374 | D:8      | Bought a scroll of identify for 30 gold pieces
  6374 | D:8      | Bought a scroll of magic mapping for 52 gold pieces
  6374 | D:8      | Bought a scroll of identify for 30 gold pieces
  6374 | D:8      | Bought a scroll of identify for 30 gold pieces
  6374 | D:8      | Bought a scroll of identify for 30 gold pieces
  6433 | D:8      | Found Jeruunki's Antique Armour Boutique.
  6441 | D:8      | Bought an embroidered scarf for 144 gold pieces
  6498 | D:8      | Found Misith's Armour Boutique.
  6873 | D:8      | Found Utycitag's Antique Weapon Boutique.
  6941 | D:8      | Noticed a two-headed ogre
  6962 | D:8      | Killed a two-headed ogre
  7339 | D:9      | Noticed Erica
  7355 | D:9      | Killed Erica
  7355 | D:9      | Reached *** piety under Okawaru
  7355 | D:9      | Received a gift from Okawaru
  7355 | D:9      | Reached skill level 9 in Maces & Flails
  7453 | D:9      | Reached XP level 11. HP: 69/71 MP: 9/11
  7616 | D:9      | Noticed Joseph
  7630 | D:9      | Killed Joseph
  7630 | D:9      | Reached **** piety under Okawaru
  7666 | D:9      | Found an opulent altar of Gozag.
  7666 | D:9      | Found a sparkling altar of Nemelex Xobeh.
  7685 | D:9      | Noticed Psyche
  7700 | D:9      | Killed Psyche
  7721 | D:9      | Reached skill level 10 in Maces & Flails
  7793 | D:9      | Found a blossoming altar of Fedhas.
  7793 | D:9      | Found a stormy altar of Qazlal.
  8248 | D:10     | Entered Level 10 of the Dungeon
  8295 | D:10     | Found a staircase to the Orcish Mines.
  8513 | D:10     | Found a staircase to the Lair.
  8526 | D:10     | Reached ***** piety under Okawaru
  8667 | D:10     | Found Kuiptes's Armour Emporium.
  8971 | D:11     | Noticed a brown ugly thing
  8972 | D:11     | Noticed a purple ugly thing
  8976 | D:11     | Noticed a sixfirhy
  9006 | D:11     | Killed a green ugly thing
  9006 | D:11     | Reached skill level 10 in Fighting
  9006 | D:11     | Reached skill level 11 in Maces & Flails
  9007 | D:11     | Killed a green ugly thing
  9019 | D:11     | Reached XP level 12. HP: 65/77 MP: 12/12
  9097 | D:11     | Reached skill level 10 in Armour
  9302 | D:11     | Received a gift from Okawaru
  9351 | D:11     | You fall into a shaft and drop 1 floor!
  9778 | D:12     | Reached skill level 12 in Maces & Flails
  9850 | D:12     | Noticed a two-headed ogre
  9858 | D:12     | Killed a two-headed ogre
  9865 | D:12     | Noticed a two-headed ogre
  9910 | D:12     | Killed a two-headed ogre
 10776 | D:12     | Reached XP level 13. HP: 32/84 MP: 13/13
 11136 | D:13     | Got a vibrating zirconium amulet
 11204 | D:13     | Identified the amulet "Omyniop" {Gourm Str+8} (You found it
                  | on level 13 of the Dungeon)
 11378 | D:13     | Reached skill level 13 in Maces & Flails
 11380 | D:13     | Noticed an ice dragon
 11390 | D:13     | Killed an ice dragon
 11559 | D:13     | Found a gate to the Vaults.
 11564 | D:13     | Got a bone mace
 11567 | D:13     | Identified the +10 mace of the Dove {drain, rElec} (You
                  | found it on level 13 of the Dungeon)
 11934 | D:14     | Reached ****** piety under Okawaru
 11963 | D:14     | Received a gift from Okawaru
 11992 | D:14     | Identified a +2 pair of boots of running (Okawaru gifted it
                  | to you on level 14 of the Dungeon)
 12152 | D:14     | Found a runed translucent gate.
 12152 | D:14     | Found a runed translucent gate.
 12153 | D:14     | Found a runed translucent gate.
 12170 | D:14     | Noticed Ennomp's ghost (journeyman MiGl)
 12175 | D:14     | Noticed a minotaur
 12308 | D:14     | Found a shattered altar of Ashenzari.
 12490 | D:14     | Found an opulent altar of Gozag.
 12753 | D:15     | Entered Level 15 of the Dungeon
 12805 | D:15     | Noticed a yaktaur captain
 12845 | D:15     | Killed a yaktaur captain
 12888 | D:15     | Reached skill level 14 in Maces & Flails
 12947 | D:15     | Gained mutation: Your large and strong wings let you fly
                  | indefinitely. [Gargoyle growth]
 12947 | D:15     | Reached XP level 14. HP: 44/92 MP: 14/14
 13736 | D:15     | Found a staircase to the Depths.
 14194 | Lair:1   | Entered Level 1 of the Lair of Beasts
 14212 | Lair:1   | Reached skill level 10 in Dodging
 14271 | Lair:1   | Received a gift from Okawaru
 14307 | Lair:1   | Found a dark tunnel.
 14477 | Volcano  | Entered a volcano
 14519 | Volcano  | Found a radiant altar of Vehumet.
 14520 | Volcano  | Noticed a red draconian
 14568 | Volcano  | Killed a red draconian
 16673 | Lair:4   | Got a pitted scale mail
 16684 | Lair:4   | Identified the +4 scale mail of the Orcish Mines {rC+
                  | Dex+6} (You found it on level 4 of the Lair of Beasts)
 16822 | Lair:4   | Received a gift from Okawaru
 16833 | Lair:4   | Reached skill level 15 in Maces & Flails
 16850 | Lair:4   | HP: 2/92 [meliai/+0 hand axe (7)]
 16881 | Lair:4   | Received a gift from Okawaru
 17221 | Lair:4   | Found a staircase to the Swamp.
 17418 | Lair:4   | Found a staircase to the Snake Pit.
 17813 | Lair:4   | Reached XP level 15. HP: 46/98 MP: 12/15
 18942 | Lair:6   | Entered Level 6 of the Lair of Beasts
 19047 | Lair:6   | Reached skill level 1 in Invocations
 19303 | Lair:6   | Received a gift from Okawaru
 19386 | Lair:6   | Reached skill level 16 in Maces & Flails
 19785 | Lair:6   | Found a staircase to the Slime Pits.
 19786 | Lair:6   | Found a viscous altar of Jiyva.
 21495 | Orc:1    | Entered Level 1 of the Orcish Mines
 21845 | Orc:2    | Entered Level 2 of the Orcish Mines
 21845 | Orc:2    | Found a roughly hewn altar of Beogh.
 21858 | Orc:2    | Paralysed by an orc sorcerer for 6 turns
 21871 | Orc:1    | Received a gift from Okawaru
 22195 | Orc:1    | Got a bloodstained great mace {god gift}
 22196 | Orc:1    | Identified the +9 great mace of Righteous Fury {antimagic,
                  | +Rage SInv} (Okawaru gifted it to you on level 1 of the
                  | Orcish Mines)
 22288 | Orc:2    | Found Ypeymoc's Antique Weapon Boutique.
 22288 | Orc:2    | Found Focio's General Store.
 22289 | Orc:2    | Found Hewnefem's Antique Weapon Emporium.
 22289 | Orc:2    | Found Tothro Rotit's Magic Scroll Boutique.
 22344 | Orc:1    | Reached XP level 16. HP: 22/105 MP: 6/19
 22799 | Orc:1    | Mangled by a two-headed ogre

Levels and vault maps discovered:
D:1:      arrival_zaba_pyramid, layout_loops_corners
D:2:      layout_loops_cross, first_ration, chequers_ecumenical_altar_grove,
          nrook_campfire, minmay_cupped
D:3:      layout_basic, kennysheep_slug_shrine, uniq_jessica, uniq_robin
D:4:      cheibrodos_greedy_goblins, layout_basic, makhleb_altar_promises_db,
          uniq_grinder
D:5:      lemuel_ice_spiral_2, layout_basic, uniq_duvessa, uniq_menkaure
D:6:      minmay_diamond_boxcup, layout_basic, marbit_many_paths,
          uniq_prince_ribbit1, uniq_pikel
D:7:      layout_cave_pools, minmay_temple_entry_mist
D:8:      layout_gridville, lemuel_round_altar,
          gammafunk_temple_overflow_elements, serial_shops, shop, shop, shop,
          shop_statue, uniq_harold
D:9:      layout_irregular_city, grunt_temple_overflow_opulence,
          grunt_temple_overflow_forces_of_nature, uniq_erica, uniq_psyche,
          uniq_joseph
D:10:     layout_roguey, david_lair_generic, zombieorc2_lemuel, serial_ice,
          serial_ice_h, serial_ice_n, serial_ice_g, serial_ice_a, serial_shops,
          shop_coins
D:11:     layout_roguey
D:12:     layout_basic
D:13:     layout_roguey, david_vaults_4
D:14:     layout_long_grid, maelrawn_ghost_gauntlet_escape, ashenzari_altar_1,
          basic_altar
D:15:     hangedman_depths_entry_civil_slaughter, layout_rooms,
          grunt_decor_mini_mirrors
Temple:   nicolae_temple_god_jail
Lair:1:   layout_hall_layers, enter_volcano_3, grunt_megastairs_5
Lair:2:   layout_layer_cave
Lair:3:   layout_regular_city, infiniplex_staircase_pool_2
Lair:4:   layout_roguey [special_room_bee], minmay_swamp_entry_worms,
          minmay_snake_entry_guardpost_small, wad_woods_road_01,
          cheibrodos_lair_reptile_den, lemuel_fruit_fields
Lair:5:   layout_concentric_octagons
Lair:6:   grunt_lair_end_beastmaster, layout_gridlike, slime_altar_1
Orc:1:    layout_caves
Orc:2:    st_orc_ogre_mass, layout_caves, basic_altar

Skill      XL: |  1  2  3  4  5  6  7  8  9 10 11 12 13 14 15 16 |
---------------+-------------------------------------------------+-----
Armour         | 1 2 3 4 6 7 8 9 10 11 12 13 | 13.8
Fighting       | 3 4 5 6 7 9 10 11 12 13 14 | 14.0
Dodging        | 3 4 5 6 7 8 9 10 11 | 11.3
Maces & Flails | 4 5 6 7 9 11 12 14 15 16 | 16.5
Invocations    | 4 |  4.4
Throwing       | |  1.7

Action                   |  1- 3 |  4- 6 |  7- 9 | 10-12 | 13-15 | 16-18 || total
-------------------------+-------+-------+-------+-------+-------+-------++-------
Melee: Flail             |   114 |   207 |   558 |       |       |       ||   879
       Morningstar       |       |       |    28 |   229 |       |       ||   257
       Quarterstaff      |       |       |       |   691 |   123 |       ||   814
       Mace              |       |       |       |       |  1102 |       ||  1102
       Punch             |       |       |       |       |     1 |       ||     1
       Great mace        |       |       |       |       |   219 |    27 ||   246
Throw: Throwing net      |       |       |     4 |     1 |       |       ||     5
Invok: Heroism           |       |       |       |     6 |     7 |       ||    13
 Abil: Fly               |       |       |       |       |     1 |       ||     1
Evoke: Wand              |       |       |       |     2 |       |       ||     2
  Use: Scroll            |       |       |     7 |     8 |    14 |       ||    29
       Potion            |       |       |     2 |     5 |     6 |       ||    13
 Stab: Sleeping          |       |       |     1 |       |       |       ||     1
       Distracted        |       |       |       |       |     1 |       ||     1
  Eat: Chunk             |     2 |     5 |    11 |    14 |    60 |     2 ||    94
       Ration            |       |       |       |     1 |       |       ||     1
Armor: Leather armour    |    66 |   100 |   181 |       |       |       ||   347
       Ring mail         |       |       |   184 |   102 |       |       ||   286
       Skin              |       |       |    62 |    28 |       |       ||    90
       Plate armour      |       |       |       |   700 |   417 |       ||  1117
       Scale mail        |       |       |       |       |   517 |    23 ||   540
Dodge: Dodged            |   104 |   135 |   525 |   596 |  1327 |    78 ||  2765
       Deflected         |       |       |       |    11 |       |       ||    11

Table legend:
 A = Non-vault XP
 B = Vault XP
 C = Vault XP percentage of total XP
 D = Non-vault monster count
 E = Vault monster count
 F = Vault count percentage of total count
                 A         B        C        D         E       F
            +---------+---------+-------+---------+---------+-------
      Total |   88216 |   47212 |  34.9 |     569 |     190 |  25.0
            +---------+---------+-------+---------+---------+-------
        D:1 |      43 |       0 |   0.0 |      23 |       0 |   0.0
        D:2 |      76 |       7 |   8.4 |      26 |       3 |  10.3
        D:3 |     147 |      78 |  34.7 |      21 |      14 |  40.0
        D:4 |     424 |     310 |  42.2 |      21 |      11 |  34.4
        D:5 |     445 |     385 |  46.4 |      17 |       3 |  15.0
        D:6 |     705 |    1163 |  62.3 |      27 |      10 |  27.0
        D:7 |    1187 |       0 |   0.0 |      21 |       0 |   0.0
        D:8 |    1656 |     976 |  37.1 |      18 |       1 |   5.3
        D:9 |    2978 |    1860 |  38.4 |      48 |       3 |   5.9
       D:10 |    1461 |    2888 |  66.4 |      23 |      51 |  68.9
       D:11 |    7431 |       0 |   0.0 |      45 |       0 |   0.0
       D:12 |    9536 |       0 |   0.0 |      37 |       0 |   0.0
       D:13 |    3231 |    1921 |  37.3 |      19 |       4 |  17.4
       D:14 |    6198 |    2055 |  24.9 |      21 |       3 |  12.5
       D:15 |    9834 |    3070 |  23.8 |      38 |       6 |  13.6
     Lair:1 |    3739 |     296 |   7.3 |      14 |       2 |  12.5
     Lair:2 |    6156 |       0 |   0.0 |      27 |       0 |   0.0
     Lair:3 |    2448 |       0 |   0.0 |       9 |       0 |   0.0
     Lair:4 |    8307 |    4487 |  35.1 |      23 |      34 |  59.6
     Lair:5 |    8984 |       0 |   0.0 |      20 |       0 |   0.0
     Lair:6 |   10145 |   10458 |  50.8 |      38 |      20 |  34.5
      Orc:1 |    2616 |    5462 |  67.6 |      13 |       6 |  31.6
      Orc:2 |     469 |    8467 |  94.8 |      20 |      11 |  35.5
    Volcano |       0 |    3329 | 100.0 |       0 |       8 | 100.0
            +---------+---------+-------+---------+---------+-------
